 Dungeon Crawl Stone Soup version 0.23-a0-386-g9c9d49f (webtiles) character file.

30 Amnesiac the Shooter (level 3, 0/29 HPs)
             Began as a Centaur Hunter on Oct 28, 2018.
             Succumbed to a water moccasin's poison
             ... on level 2 of the Dungeon.
             The game lasted 00:03:08 (432 turns).

Amnesiac the Shooter (Centaur Hunter)                Turns: 432, Time: 00:03:09

Health: 0/29       AC:  4    Str: 14    XL:     3   Next: 3%
Magic:  3/3        EV:  9    Int: 10    God:
Gold:   25         SH:  0    Dex: 10    Spells: 2/2 levels left

rFire    . . .     SeeInvis .   a - +1 shortbow
rCold    . . .     Gourm    .   (shield currently unavailable)
rNeg     . . .     Faith    .   c - +0 leather armour
rPois    .         Spirit   .   (no helmet)
rElec    .         Reflect  .   (no cloak)
rCorr    .         Harm     .   (no gloves)
MR       .....                  (no barding)
Stlth    +.........             (no amulet)
HPRegen  0.09/turn              (no ring)
MPRegen  0.08/turn              (no ring)

@: lethally poisoned (0 -> -10), very quick
A: large, hooves 3, deformed body, speed 2, tough skin 3
a: no special abilities


You were on level 2 of the Dungeon.
You were not hungry.

You visited 1 branch of the dungeon, and saw 2 of its levels.

You collected 25 gold pieces.

Inventory:

Hand Weapons
 a - a +1 shortbow (weapon)
 b - a +0 short sword
Missiles
 d - 4 arrows (quivered)
Armour
 c - a +0 leather armour (worn)
Comestibles
 f - a ration
 g - 2 chunks of flesh


   Skills:
 - Level 2.0 Fighting
 * Level 6.6 Bows
 - Level 1.3 Dodging
 - Level 0.4 Stealth


You had 2 spell levels left.
You didn't know any spells.
Your spell library was empty.

Dungeon Overview and Level Annotations

Branches:
Dungeon (2/15)

Altars:


Innate Abilities, Weirdness & Mutations

You have hooves in place of feet.
Armour fits poorly on your strangely shaped body.
You cover ground very quickly.
You have extremely tough skin. (AC +3)


Message History

The water moccasin is moderately wounded.
The water moccasin closely misses you.
Unknown command.
Firing (i - inventory)
d - 12 arrows (quivered)
Press: ? - help, Shift-Dir - straight line, f/p - water moccasin
Aim: a water moccasin (moderately wounded)
You shoot an arrow. The arrow hits the water moccasin.
The water moccasin is heavily wounded.
The water moccasin misses you.
Unknown command.
Firing (i - inventory)
d - 11 arrows (quivered)
Press: ? - help, Shift-Dir - straight line, f/p - water moccasin
Aim: a water moccasin (heavily wounded)
You shoot an arrow. The arrow hits the water moccasin!
The water moccasin is severely wounded.
The water moccasin bites you but does no damage.
Unknown command.
Firing (i - inventory)
d - 10 arrows (quivered)
Press: ? - help, Shift-Dir - straight line, f/p - water moccasin
Aim: a water moccasin (severely wounded)
You shoot an arrow.
The arrow closely misses the water moccasin.
The water moccasin barely misses you. x2
Firing (i - inventory)
d - 9 arrows (quivered)
Press: ? - help, Shift-Dir - straight line, f/p - water moccasin
Aim: a water moccasin (severely wounded)
You shoot an arrow.
The arrow closely misses the water moccasin.
The water moccasin bites you.
Unknown command.
Firing (i - inventory)
d - 8 arrows (quivered)
Press: ? - help, Shift-Dir - straight line, f/p - water moccasin
Aim: a water moccasin (severely wounded)
You shoot an arrow. The arrow hits the water moccasin.
The water moccasin is severely wounded.
The water moccasin bites you but does no damage.
Firing (i - inventory)
d - 7 arrows (quivered)
Press: ? - help, Shift-Dir - straight line, f/p - water moccasin
Aim: a water moccasin (severely wounded)
You shoot an arrow.
The arrow barely misses the water moccasin.
The water moccasin bites you.
Firing (i - inventory)
d - 6 arrows (quivered)
Press: ? - help, Shift-Dir - straight line, f/p - water moccasin
Aim: a water moccasin (severely wounded)
You shoot an arrow.
The arrow barely misses the water moccasin.
The water moccasin bites you.
* * * LOW HITPOINT WARNING * * *
Firing (i - inventory)
d - 5 arrows (quivered)
Press: ? - help, Shift-Dir - straight line, f/p - water moccasin
Aim: a water moccasin (severely wounded)
You shoot an arrow.
The arrow barely misses the water moccasin.
The water moccasin bites you!
* * * LOW HITPOINT WARNING * * *
You are lethally poisoned!
The water moccasin poisons you! The water moccasin bites you.
* * * LOW HITPOINT WARNING * * *
* * * LOW HITPOINT WARNING * * *
You feel sick.
* * * LOW HITPOINT WARNING * * *
You feel sick.
You die...

############
#.(..@.....#######
#(#####S..........
#.# #.##(######
#.# #(##.# #.#
#.##.# #.# #.##.#
#.# #.##.# #.#
#.##.#
#.#####.##.#


You could see a water moccasin.

Vanquished Creatures
  An adder (D:2)
  A giant cockroach (D:1)
  2 goblins
  2 hobgoblins (D:1)
  8 jackals (D:1)
  A kobold (D:2)
  2 rats
17 creatures vanquished.

Notes
Turn   | Place    | Note
-------+----------+-------------------------------------------
     0 | D:1      | Amnesiac the Centaur Hunter began the quest for the Orb.
     0 | D:1      | Reached XP level 1. HP: 17/17 MP: 1/1
    36 | D:2      | Noticed a water moccasin
    71 | D:1      | Reached skill level 6 in Bows
    71 | D:1      | Reached XP level 2. HP: 14/24 MP: 2/2
   241 | D:2      | Reached XP level 3. HP: 12/29 MP: 3/3
   431 | D:2      | HP: 1/29 [poisoned by a water moccasin]
   432 | D:2      | Succumbed to a water moccasin's poison

Vault maps used:
D:1:      minmay_arrival_up_and_down

Skill      XL: |  1 |
---------------+----+-----
Bows           | 6 |  6.6
Fighting       | |  2.0
Dodging        | |  1.3
Stealth        | |  0.4

Action                   || total
-------------------------++-------
Melee: Short sword       ||    40
       Kick              ||     9
 Fire: Shortbow          ||    23
  Use: Scroll            ||     1
 Stab: Distracted        ||     1
Armor: Leather armour    ||    21
Dodge: Dodged            ||    34

Table legend:
 A = Non-vault XP
 B = Vault XP
 C = Vault XP percentage of total XP
 D = Non-vault monster count
 E = Vault monster count
 F = Vault count percentage of total count
                 A         B        C        D         E       F
            +---------+---------+-------+---------+---------+-------
      Total |      43 |       0 |   0.0 |      17 |       0 |   0.0
            +---------+---------+-------+---------+---------+-------
        D:1 |      25 |       0 |   0.0 |      13 |       0 |   0.0
        D:2 |      18 |       0 |   0.0 |       4 |       0 |   0.0
            +---------+---------+-------+---------+---------+-------
